 Dungeon Crawl Stone Soup version 0.23-a0-54-gae6112e (webtiles) character file.

52 Amnesiac the Gusty (level 3, -2/24 HPs)
             Began as a Mummy Air Elementalist on Aug 8, 2018.
             Slain by a worm (11 damage)
             ... on level 4 of the Dungeon.
             The game lasted 00:03:11 (930 turns).

Amnesiac the Gusty (Mummy Air Elementalist)          Turns: 930, Time: 00:03:11

Health: -2/24      AC:  2    Str: 11    XL:     3   Next: 60%
Magic:  3/7        EV: 12    Int: 15    God:
Gold:   46         SH:  0    Dex: 12    Spells: 5/8 levels left

rFire    x . .     SeeInvis .   h - +1 mace
rCold    + . .     Gourm    .   (no shield)
rNeg     + + +     Faith    .   a - +0 robe
rPois    ∞         Spirit   .   (no helmet)
rElec    .         Reflect  .   (no cloak)
rCorr    .         Harm     .   (no gloves)
MR       .....                  (no boots)
Stlth    ++........             (no amulet)
HPRegen  0.08/turn              (no ring)
MPRegen  0.10/turn              (no ring)

@: no status effects
A: no food or potions, fire vulnerability, cold resistance 1, negative energy
resistance 3, torment resistance, unbreathing
a: no special abilities


You were on level 4 of the Dungeon.
You were not hungry.

You visited 1 branch of the dungeon, and saw 5 of its levels.

You collected 46 gold pieces.

Inventory:

Hand Weapons
 d - a +0 dagger
 h - a +1 mace (weapon)
Armour
 a - a +0 robe (worn)
Scrolls
 b - a scroll of fear {!r, unknown}
 c - a scroll of amnesia {!r, unknown}
 e - a scroll of identify {!r, unknown}
 f - a scroll of immolation {!r, unknown}
 g - a scroll of enchant weapon {!r}


   Skills:
 - Level 1.5 Dodging
 - Level 1.5 Stealth
 + Level 3.4 Spellcasting
 - Level 0.7 Conjurations
 * Level 3.5 Air Magic


You had 5 spell levels left.
You knew the following spells:

 Your Spells              Type           Power        Failure   Level  Hunger
a - Shock                 Conj/Air       #...         9%          1    N/A
z - Swiftness             Chrm/Air       #.......     14%         2    N/A

Your spell library contained the following spells:

 Spells                   Type           Power        Failure   Level  Hunger
 Lightning Bolt           Conj/Air       #.........   92%         5    N/A
 Airstrike                Air            ##........   41%         4    N/A
 Static Discharge         Conj/Air       #.......     24%         3    N/A

Dungeon Overview and Level Annotations

Branches:
Dungeon (5/15)
 Temple: D:4-7

Altars:

Portals:
Sewer: D:3


Innate Abilities, Weirdness & Mutations

You do not eat or drink.
Your flesh is vulnerable to fire.
You are immune to poison.
Your flesh is cold resistant. (rC+)
You are immune to negative energy. (rN+++)
You are immune to unholy pain and torment.
You can survive without breathing.


Message History

Aiming: Shock (safe; 9% risk of failure)
Press: ? - help, Shift-Dir - straight line The zap hits the river rat.
The river rat is almost dead.
The zap hits the river rat.
You kill the river rat!
Unknown command.
There is a stone staircase leading up here.
You climb upwards.
There is a stone staircase leading down here.
You start resting.
Magic restored.
There is a stone staircase leading down here.
You start resting.
Magic restored.
You climb downwards.
You hear the sound of rushing water.
There is an entrance to a sewer on this level.
Hurry and find it before the portal rusts away!
You hear the quick rusting of a very distant drain.
There is a stone staircase leading up here.
You see here a stone.
An orc comes into view. It is wielding a morningstar.
The orc shouts!
You hear a shout!
An orc priest comes into view. It is wielding a hand axe.
The orc moves out of view.
An orc comes into view.
Found 5 tomahawks.
The orc priest casts a cantrip, but nothing happens.
The kobold shouts!
There is an escape hatch in the floor here.
You slide downwards.
The hatch slams shut behind you.
Casting: Shock (safe; 9% risk of failure)
Confirm with . or Enter, or press ? or * to list all spells.
Aiming: Shock (safe; 9% risk of failure)
Press: ? - help, Shift-Dir - straight line The zap hits the worm.
The worm is lightly wounded.
The zap misses the worm.
Casting: Shock (safe; 9% risk of failure)
Confirm with . or Enter, or press ? or * to list all spells.
Aiming: Shock (safe; 9% risk of failure)
Press: ? - help, Shift-Dir - straight line The zap hits the worm.
The worm is lightly wounded.
The zap hits the worm.
The worm is moderately wounded.
The worm bites you.
* * * LOW HITPOINT WARNING * * *
Casting: Shock (safe; 9% risk of failure)
Confirm with . or Enter, or press ? or * to list all spells.
Aiming: Shock (safe; 9% risk of failure)
Press: ? - help, Shift-Dir - straight line The zap hits the worm.
The worm is moderately wounded.
The zap hits the worm.
The worm is heavily wounded.
Casting: Shock (safe; 9% risk of failure)
Confirm with . or Enter, or press ? or * to list all spells.
Aiming: Shock (safe; 9% risk of failure)
Press: ? - help, Shift-Dir - straight line The zap hits the worm.
The worm is severely wounded.
The zap misses the worm.
The worm bites you!
You die...

#####
#...#
#...#
#w..+
#@..#
##.##
.# ..
...
####


You could see a worm.

Vanquished Creatures
  2 adders
  A river rat (D:3)
  An ooze (D:3)
  A leopard gecko (D:2)
  A giant cockroach (D:3)
  5 goblins
  3 hobgoblins
  A quokka (D:3)
  A ball python (D:3)
  2 frilled lizards
  A kobold (D:2)
  2 rats
21 creatures vanquished.

Vanquished Creatures (others)
  A giant cockroach (D:4)
1 creature vanquished.

Grand Total: 22 creatures vanquished

Notes
Turn   | Place    | Note
-------+----------+-------------------------------------------
     0 | D:1      | Amnesiac the Mummy Air Elementalist began the quest for the Orb.
     0 | D:1      | Reached XP level 1. HP: 13/13 MP: 4/4
   436 | D:3      | Noticed a worker ant
   502 | D:5      | Entered Level 5 of the Dungeon
   531 | D:3      | Reached XP level 2. HP: 9/19 MP: 1/5
   535 | D:3      | Learned a level 2 spell: Swiftness
   736 | D:3      | Reached XP level 3. HP: 19/24 MP: 5/7
   831 | D:3      | Found a glowing drain.
   930 | D:4      | Slain by a worm

Vault maps used:
D:1:      mrwooster_arrival_statue, minmay_misc_feat_secret_circle
D:2:      chequers_ecumenical_altar_grove, guppyfry_early_orc_mine
D:3:      first_ration, portal_sewer_entry_a
D:4:      kennysheep_the_goblin_king, minmay_temple_entry_grid,
          lemuel_flame_loot_1
D:5:      okawaru_gym_becter

Skill      XL: |  1  2 |
---------------+-------+-----
Air Magic      | 3 |  3.5
Spellcasting   | 3 |  3.4
Dodging        | |  1.5
Stealth        | |  1.5
Conjurations   | |  0.7

Action                   || total
-------------------------++-------
Melee: Dagger            ||    13
       Mace              ||     2
 Cast: Shock             ||    44
  Use: Scroll            ||     1
Armor: Robe              ||    14
Dodge: Dodged            ||    48

Table legend:
 A = Spawn XP
 B = Non-spawn XP
 C = Spawn XP percentage of total XP
 D = Spawn monster count
 E = Non-spawn monster count
 F = Spawn count percentage of total count
 G = Total turns spent on level
                    A         B        C        D         E        F      G
               +---------+---------+-------+---------+---------+-------+---------
         Total |       0 |      75 |   0.0 |       0 |      21 |   0.0 |   930
               +---------+---------+-------+---------+---------+-------+---------
           D:1 |       0 |       3 |   0.0 |       0 |       2 |   0.0 |    75
           D:2 |       0 |      21 |   0.0 |       0 |       6 |   0.0 |   455
           D:3 |       0 |      49 |   0.0 |       0 |      12 |   0.0 |   339
           D:4 |       0 |       2 |   0.0 |       0 |       1 |   0.0 |    59
               +---------+---------+-------+---------+---------+-------+---------
